 Dungeon Crawl Stone Soup version 0.26-a0-658-gbdda728c12 (webtiles) character file.

Game seed: 2057037158691695791

219 DogServant the Sneak (level 5, -8/24 HPs)
             Began as a Vampire Necromancer on Oct 5, 2020.
             Killed by divine providence
             ... invoked by an orc priest
              (13 damage)
             ... on level 4 of the Dungeon.
             The game lasted 00:09:46 (4531 turns).

DogServant the Sneak (Vampire Necromancer)          Turns: 4531, Time: 00:09:47

Health: -8/24      AC:  2    Str:  7    XL:     5   Next: 63%
Magic:  2/8        EV: 13    Int: 18    God:
Gold:   155        SH:  0    Dex: 15    Spells: 2/8 levels left

rFire    . . .     SeeInvis +   d - +1 dagger
rCold    + + .     Faith    .   (no shield)
rNeg     + + +     Spirit   .   a - +0 robe
rPois    ∞         Reflect  .   (no helmet)
rElec    .         Harm     .   (no cloak)
rCorr    .         Rampage  .   (no gloves)
MR       .....                  (no boots)
Stlth    +++++.....             (no amulet)
HPRegen  0.00/turn              b - ring of wizardry
MPRegen  0.11/turn              (no ring)

@: bloodless
A: fangs 3, see invisible, [frail 1], unbreathing
a: Bat Form, Revivify


You were on level 4 of the Dungeon.
You visited 1 branch of the dungeon, and saw 4 of its levels.

You collected 155 gold pieces.

Inventory:

Hand Weapons
 d - a +1 dagger (weapon)
Armour
 a - a +0 robe (worn)
 l - a +0 leather armour
Jewellery
 b - a ring of wizardry (left hand)
 s - an uncursed amulet of guardian spirit {unknown}
Wands
 i - a wand of acid (8)
 r - a wand of flame (16)
Scrolls
 e - 4 scrolls of identify
 j - a scroll of blinking {unknown}
 m - a scroll of amnesia {unknown}
 n - a scroll of teleportation
 p - a scroll of enchant weapon
Potions
 c - a potion of cancellation
 f - 2 potions of degeneration {unknown}
 g - 3 potions of brilliance {unknown}
 h - a potion of heal wounds {unknown}
 k - 3 potions of mutation {unknown}
 o - a potion of curing {unknown}
 q - a potion of flight {unknown}
 t - a potion of lignification {unknown}


   Skills:
 + Level 3.4 Short Blades
 - Level 2.1 Dodging
 + Level 6.9 Stealth
 - Level 2.0 Spellcasting
 - Level 5.0 Necromancy


You had 2 spell levels left.
You knew the following spells:

 Your Spells              Type           Power        Failure   Level
a - Pain                  Necr           ###.         1%          1
b - Animate Skeleton      Necr           ###...       1%          1
c - Vampiric Draining     Necr           ###.......   2%          3
d - Beastly Appendage     Tmut           #.....       8%          1

Your spell library contained the following spells:

 Spells                   Type           Power        Failure   Level
 Wereblood                Tmut           #.......     11%         2
 Animate Dead             Necr           ###.......   9%          4
 Spider Form              Tmut/Pois      #.........   21%         3
 Agony                    Necr           ###.....     26%         5
 Ice Form                 Ice/Tmut       #.......     54%         4
 Blade Hands              Tmut           #.........   86%         5


Dungeon Overview and Level Annotations

Branches:
Dungeon (4/15)
 Temple: D:4-7

Altars:
Vehumet
The Shining One


Innate Abilities, Weirdness & Mutations

You do not regenerate when monsters are visible.
You are frail without blood (-20% HP).
You can heal yourself when you bite living creatures.
You are immune to poison.
You have razor-sharp teeth.
You have supernaturally acute eyesight. (SInv)
You can survive without breathing.
[You are frail. (-10% HP)]


Message History

Beogh smites you!
* * * LOW HITPOINT WARNING * * *
The orc moves out of view.
You hear a shout!
Casting: Vampiric Draining (dangerous; 2% risk of failure)
Confirm with . or Enter, or press ? or * to list all spells.
You don't know that spell.
Unknown command.
The orc priest looks braver for a moment.
You fail to use your ability.
The adder bites you but does no damage. The adder bites you.
* * * LOW HITPOINT WARNING * * *
Casting: Vampiric Draining (dangerous; 2% risk of failure)
Confirm with . or Enter, or press ? or * to list all spells.
Okay, then.
You fail to use your ability.
The orc priest invokes the aid of Beogh against you.
Beogh smites you!
Ouch! That really hurt!
You die...

#####.# #.#......#
# #.# #.o..### #
#.# ##.....#
#####'### #.(.#.#
#.......######.o..#
#...........##..#o#
#.......###.##.o#.#
#.......# #.###.#S#
#.......# #(....@.#
#.......# #####.###
#.......# #.#
#.......# #>.
#.......# ####


You could see an orc priest, an adder and 3 orcs.

Vanquished Creatures
  A howler monkey (D:4)
  A worker ant (D:4)
  5 adders
  3 oozes
  A dart slug (D:1)
  5 orcs (D:3)
  3 ball pythons (D:3)
  12 giant cockroaches
  11 goblins
  9 hobgoblins
  13 jackals
  4 kobolds
  8 bats
  A frilled lizard (D:3)
  6 rats
83 creatures vanquished.

Vanquished Creatures (collateral kills)
  A goblin (D:1)
1 creature vanquished.

Grand Total: 84 creatures vanquished

Notes
Turn   | Place    | Note
-------+----------+-------------------------------------------
     0 | D:1      | DogServant the Vampire Necromancer began the quest for the
                  | Orb.
     0 | D:1      | Reached XP level 1. HP: 13/13 MP: 3/3
   306 | D:1      | Learned a level 1 spell: Animate Skeleton
   521 | D:1      | Reached XP level 2. HP: 15/15 MP: 5/5
   625 | D:1      | Reached skill level 4 in Stealth
  1318 | D:1      | Reached skill level 5 in Necromancy
  1318 | D:1      | Reached XP level 3. HP: 4/19 MP: 3/6
  1584 | D:1      | Learned a level 3 spell: Vampiric Draining
  1907 | D:1      | Reached skill level 1 in Short Blades
  2239 | D:2      | Reached skill level 5 in Stealth
  2414 | D:2      | Reached XP level 4. HP: 25/27 MP: 7/7
  3125 | D:3      | Found a glowing golden altar of the Shining One.
  3230 | D:3      | Learned a level 1 spell: Beastly Appendage
  3760 | D:3      | Reached skill level 6 in Stealth
  4248 | D:4      | Reached XP level 5. HP: 24/24 MP: 8/8
  4355 | D:4      | Found a radiant altar of Vehumet.
  4531 | D:4      | Killed from afar by an orc priest

Illustrated notes

Levels and vault maps discovered:
D:1:      saegor_arrival_simple_b, layout_basic
D:2:      minmay_roachtagon, layout_basic
D:3:      layout_basic, nicolae_tso_carved_into_rock
D:4:      layout_basic, portal_sewer_entry_c, vehumet_altar_wand_db

Skill      XL: |  1  2  3  4  5 |
---------------+----------------+-----
Stealth        | 4 5 6 |  6.9
Necromancy     | 5 |  5.0
Short Blades   | 1 2 3 |  3.4
Dodging        | |  2.1
Spellcasting   | |  2.0

Action                   |  1- 3 |  4- 6 || total
-------------------------+-------+-------++-------
Melee: Dagger            |   142 |    95 ||   237
       Unarmed           |     4 |       ||     4
       Bite              |    10 |    14 ||    24
 Cast: Pain              |    27 |     9 ||    36
       Animate Skeleton  |     7 |     2 ||     9
       Vampiric Draining |     3 |    10 ||    13
 Abil: Exsanguinate      |     1 |     1 ||     2
       Revivify          |     1 |       ||     1
  Use: Scroll            |       |     6 ||     6
 Stab: Sleeping          |    14 |    12 ||    26
       Distracted        |       |     3 ||     3
Armor: Robe              |    31 |     3 ||    34
       Leather armour    |    29 |    10 ||    39
Dodge: Dodged            |   155 |    75 ||   230

Table legend: (Time is in decaauts)
 A = Elapsed time spent in this place.
 B = Non-inter-level travel time spent in this place.
 C = Inter-level travel time spent in this place.
 D = Time resting spent in this place.
 E = Time spent auto-exploring this place.
 F = Levels seen in this place.
 G = Mean time per level.
                   A        B        C        D        E       F      G
               +--------+--------+--------+--------+--------+-----+--------+
         Total |   4514 |   4415 |     99 |   1794 |   1828 |   4 | 1128.5 |
       Dungeon |   4514 |   4415 |     99 |   1794 |   1828 |   4 | 1128.5 |
               +--------+--------+--------+--------+--------+-----+--------+

Top non-repeatable levels by time:
     D:1: 1989 daAuts
     D:3: 1271 daAuts
     D:2: 962 daAuts
     D:4: 292 daAuts
